Map: Prion Terraces

Players

HaNfy - Winner!

  • Race: Zerg Zerg
  • League: Grandmaster

Miszu

  • Race: Terran Terran
  • League: Grandmaster

VOD

Have the link to the VOD?

Description

Time

  • Played on: Feb. 22, 2016, 8:15 a.m.
  • Length: 4:03
Show
View Real Time Build Order
Export as new Build Order

HaNfy Zerg - Winner!

Build Orders: Hatch First 

Get SALT Encoding   

  12  0:00  Drone  
  13  0:08  Drone  
  14  0:16  Overlord  
  14  0:23  Extractor, Drone  
  15  0:35  Drone x2  
  17  0:46  Drone  
  18  0:59  Hatchery  
  18  1:02  Drone  
  18  1:05  Extractor  
  17  1:14  Spawning Pool  
  17  1:17  Drone  
  17  1:19  Drone  
  18  1:31  Drone  
  19  1:39  Overlord  
  19  1:50  Drone  
  20  2:01  Queen  
  20  2:02  Zergling x2  
  20  2:07  Metabolic Boost  
  23  2:10  Queen  
  23  2:12  Zergling x2  
  23  2:15  Zergling x2  
  27  2:20  Drone  
  28  2:26  Drone  
  29  2:36  Overlord  
  29  2:40  Queen  
  31  2:45  Overlord  
  31  2:46  Queen  
  31  2:47  Drone  
  34  2:51  Drone  
  34  3:12  Overlord  
  34  3:13  Drone x3  
  34  3:14  Drone  
  34  3:17  Extractor  
  37  3:28  Roach Warren  
  37  3:29  Overlord  
  37  3:30  Zergling x10  
  37  3:31  Zergling x2  
  42  3:47  Extractor  
Show
View Real Time Build Order
Export as new Build Order

Miszu Terran 

Build Orders:  

Get SALT Encoding   

  12  0:00  SCV  
  13  0:12  SCV  
  14  0:18  Supply Depot  
  14  0:25  SCV  
  15  0:40  SCV  
  15  0:42  Barracks  
  16  0:46  Refinery  
  16  0:52  SCV  
  17  1:04  SCV  
  17  1:09  Barracks  
  18  1:16  SCV  
  19  1:28  Orbital Command  
  19  1:30  Reaper  
  20  1:36  Barracks  
  21  1:54  SCV  
  21  1:56  Reaper  
  21  2:00  Supply Depot  
  22  2:03  Refinery  
  22  2:06  SCV  
  23  2:21  Reaper, SCV  
  25  2:24  Reaper  
  25  2:28  Supply Depot  
  26  2:33  SCV  
  26  2:36  Reaper  
  28  2:45  SCV  
  29  2:53  Reaper  
  29  2:54  Command Center  
  29  2:57  Reaper  
  31  3:08  Reaper, SCV  
  31  3:25  SCV  
  32  3:29  Barracks Tech Lab  
  32  3:30  Barracks Reactor, Command Center  
  32  3:37  SCV  
  33  3:45  Barracks Tech Lab  
  33  3:49  SCV  
Tags
 
Add a new tag
Caveats
  • Supply blocks, unpowered buildings, or Contaminate may cause inaccurate times.
  • Supply counts are checked every 10 seconds.